 Dungeon Crawl Stone Soup version 0.22-a0-307-g2b15929 (webtiles) character file.

233 mortelune the Grave Robber (level 5, -7/46 HPs)
             Began as a Deep Dwarf Necromancer on Apr 1, 2018.
             Mangled by an iguana (10 damage)
             ... on level 6 of the Dungeon.
             The game lasted 00:11:34 (4037 turns).

mortelune the Grave Robber (Deep Dwarf Necromancer) Turns: 4037, Time: 00:11:35

Health: -7/46      AC:  3    Str: 12    XL:     5   Next: 74%
Magic:  7/9        EV: 12    Int: 16    God:
Gold:   132        SH:  0    Dex: 13    Spells: 1/10 levels left

rFire    . . .     SeeInvis .   g - +0 hand axe
rCold    . . .     Gourm    .   (no shield)
rNeg     . . .     Faith    .   a - +0 robe
rPois    .         Spirit   .   (no helmet)
rElec    .         Reflect  .   (no cloak)
rCorr    .         Harm     .   (no gloves)
MR       .....                  y - +0 pair of boots (curse)
Stlth    ++........             (no amulet)
HPRegen  0.00/turn              j - ring of flight
MPRegen  0.11/turn              (no ring)

@: non-regenerating
A: damage resistance, heal wounds, sense surroundings 1, no regeneration
a: Heal Wounds, Evoke Flight


You were on level 6 of the Dungeon.
You were not hungry.

You visited 1 branch of the dungeon, and saw 6 of its levels.

You collected 132 gold pieces.

Inventory:

Hand Weapons
 g - a +0 hand axe (weapon)
Missiles
 e - 2 javelins of penetration (quivered)
Armour
 a - a +0 robe (worn)
 y - a cursed +0 pair of boots (worn)
Jewellery
 j - a ring of flight (left hand)
 p - a +2 ring of intelligence {unknown}
 s - a +5 amulet of reflection {unknown}
Scrolls
 b - a scroll of fog
 d - a scroll of random uselessness {unknown}
 i - a scroll of magic mapping {unknown}
 l - 4 scrolls of blinking {unknown}
 m - a scroll of teleportation {unknown}
 n - a scroll of fear {unknown}
 o - 8 scrolls of identify
 r - 2 scrolls of remove curse {unknown}
 u - a scroll of enchant weapon {unknown}
 w - a scroll of immolation {unknown}
Potions
 f - 3 potions of degeneration
 h - a potion of flight
 k - 2 potions of brilliance
 q - a potion of agility {unknown}
 t - a potion of curing {unknown}
 v - a potion of berserk rage {unknown}
 x - a potion of heal wounds {unknown}
 A - a potion of resistance {unknown}
Comestibles
 c - 9 rations
 z - 3 chunks of flesh


   Skills:
 + Level 2.7 Fighting
 - Level 2.1 Dodging
 - Level 2.4 Stealth
 + Level 3.2 Spellcasting
 + Level 5.7 Necromancy


You had one spell level left.
You knew the following spells:

 Your Spells              Type           Power        Failure   Level  Hunger
a - Pain                  Necr           ###.         1%          1    None
b - Animate Skeleton      Necr           N/A          1%          1    None
c - Vampiric Draining     Necr           ###.......   4%          3    ###....
d - Animate Dead          Necr           N/A          17%         4    ####...


Dungeon Overview and Level Annotations

Branches:
Dungeon (6/15)
 Temple: D:4-7

Altars:
Cheibriados
Elyvilon
Sif Muna
The Shining One

Annotations:
D:5 Sigmund; budo's ghost, amateur DEFE


Innate Abilities, Weirdness & Mutations

You are resistant to damage.
You can heal yourself by infusing magical energy.
You passively map a small area around you.
You do not regenerate.


Message History

3 orcs and an orc priest come into view.
The orc priest shouts!
The orc shouts!
There is a stone staircase leading up here.
Casting: Pain (safe; 1% risk of failure)
Confirm with . or Enter, or press ? or * to list all spells.
Aiming: Pain (safe; 1% risk of failure)
Press: ? - help, Shift-Dir - straight line, f - iguana
Aim: an iguana (chance to defeat MR: 86%)
The iguana writhes in agony!
The iguana barely misses you.
The orc priest mumbles some strange prayers to Beogh against you.
Pain shoots through your body!
* * * LOW HITPOINT WARNING * * *
The orc hits you with a falchion.
Casting: Pain (safe; 1% risk of failure)
Confirm with . or Enter, or press ? or * to list all spells.
Aiming: Pain (safe; 1% risk of failure)
Press: ? - help, Shift-Dir - straight line, f/p - iguana
Aim: an iguana (heavily wounded, chance to defeat MR: 86%)
The iguana barely resists.
The iguana bites you!
You die...

, * *#.** #### ,
#####.*##...
##.....#...., ,
, #..........#*
, * ...........+
* *
...........###.
,
*.......l.......
*
.......@oo.....
.....o.........
*
#......o.......
,
##.....#.....##
###### ######* ,
*


You could see an iguana, an orc priest and 3 orcs.

Vanquished Creatures
  A sky beast (D:5)
  A bullfrog skeleton (D:4)
  3 adders
  An ooze (D:2)
  3 worms
  2 dart slugs
  4 leopard geckos
  An orc (D:3)
  15 bats
  2 giant cockroaches
  4 goblins
  2 hobgoblins
  5 jackals
  A quokka (D:2)
  2 ball pythons (D:2)
  4 frilled lizards
  4 kobolds
  7 rats
62 creatures vanquished.

Vanquished Creatures (collateral kills)
  A worm (D:2)
  A goblin (D:1)
  3 jackals
  A kobold (D:1)
6 creatures vanquished.

Grand Total: 68 creatures vanquished

Notes
Turn   | Place    | Note
-------+----------+-------------------------------------------
     0 | D:1      | mortelune the Deep Dwarf Necromancer began the quest for the Orb.
     0 | D:1      | Reached XP level 1. HP: 15/15 MP: 3/3
     6 | D:1      | Learned a level 1 spell: Animate Skeleton
   156 | D:1      | Reached XP level 2. HP: 21/24 MP: 0/5
   342 | D:1      | Reached skill level 1 in Fighting
  1083 | D:2      | Reached XP level 3. HP: 21/31 MP: 3/6
  1088 | D:2      | Learned a level 3 spell: Vampiric Draining
  1758 | D:2      | Reached skill level 5 in Necromancy
  2183 | D:3      | Found a white marble altar of Elyvilon.
  2554 | D:3      | Reached XP level 4. HP: 29/38 MP: 0/7
  2972 | D:3      | Found a glowing golden altar of the Shining One.
  2972 | D:3      | Found a deep blue altar of Sif Muna.
  3038 | D:3      | Found a snail-covered altar of Cheibriados.
  3669 | D:4      | You fall through a shaft!
  3669 | D:5      | Entered Level 5 of the Dungeon
  3677 | D:5      | Noticed a sky beast
  3696 | D:5      | Killed a sky beast
  3696 | D:5      | Reached XP level 5. HP: 16/46 MP: 0/9
  3702 | D:5      | Learned a level 4 spell: Animate Dead
  3882 | D:5      | Noticed an ogre
  4008 | D:5      | Noticed Sigmund
  4020 | D:5      | Noticed an ogre
  4027 | D:5      | Noticed budo's ghost (amateur DEFE)
  4037 | D:6      | Mangled by an iguana

Vault maps used:
D:1:      minmay_arrival_glassed_features
D:3:      cheibriados_altar_1, lemuel_crystal_altar,
          chequers_temple_overflow_statue_of_worship
D:4:      eat_drink_and_be_merry_uskayaw, minmay_temple_entry_mist,
          uniq_eustachio
D:5:      old_standard_altar, first_ration, grunt_decor_one_mirror, uniq_sigmund
D:6:      kennysheep_mini, old_standard_altar, serial_shops, shop,
          chei_slow_surprise

Skill      XL: |  1  2  3  4 |
---------------+-------------+-----
Spellcasting   | 2 3 |  3.2
Fighting       | 1 2 |  2.7
Necromancy     | 5 |  5.7
Dodging        | |  2.1
Stealth        | |  2.4

Action                   |  1- 3 |  4- 6 || total
-------------------------+-------+-------++-------
Melee: Unarmed           |     7 |       ||     7
       Hand axe          |    26 |    23 ||    49
 Cast: Pain              |    61 |    37 ||    98
       Animate Skeleton  |     9 |     2 ||    11
       Vampiric Draining |    13 |    13 ||    26
       Animate Dead      |       |     1 ||     1
  Use: Scroll            |     4 |       ||     4
  Eat: Chunk             |     4 |     7 ||    11
       Ration            |     1 |       ||     1
Armor: Robe              |    10 |     4 ||    14
Dodge: Dodged            |    43 |    30 ||    73

Table legend:
 A = Spawn XP
 B = Non-spawn XP
 C = Spawn XP percentage of total XP
 D = Spawn monster count
 E = Non-spawn monster count
 F = Spawn count percentage of total count
 G = Total turns spent on level
                    A         B        C        D         E        F      G
               +---------+---------+-------+---------+---------+-------+---------
         Total |       0 |     333 |   0.0 |       0 |      68 |   0.0 |  4037
               +---------+---------+-------+---------+---------+-------+---------
           D:1 |       0 |      39 |   0.0 |       0 |      23 |   0.0 |  1002
           D:2 |       0 |      41 |   0.0 |       0 |      17 |   0.0 |  1155
           D:3 |       0 |      39 |   0.0 |       0 |      17 |   0.0 |  1191
           D:4 |       0 |      72 |   0.0 |       0 |       5 |   0.0 |   321
           D:5 |       0 |     142 |   0.0 |       0 |       6 |   0.0 |   366
               +---------+---------+-------+---------+---------+-------+---------
